 Dungeon Crawl Stone Soup version 0.26-a0-835-g8259106e14 (webtiles) character file.

Game seed: 10166127923715756538

5199 pablito the Covert (level 10, -7/60 HPs)
             Began as a Kobold Enchanter on Nov 17, 2020.
             Was a Follower of Ashenzari.
             Killed from afar by a ynoxinul (22 damage)
             ... with an iron shot
             ... on level 2 of the Abyss.
             The game lasted 01:03:35 (10913 turns).

pablito the Covert (Kobold Enchanter)              Turns: 10913, Time: 01:03:36

Health: -7/60      AC:  9    Str:  5    XL:     10   Next: 91%
Magic:  15/18      EV: 20    Int: 17    God:    Ashenzari [*.....]
Gold:   231        SH:  8    Dex: 25    Spells: 12/20 levels left

rFire    . . .     SeeInvis .   e - +1 dagger (venom) (curse)
rCold    . . .     Faith    .   F - +1 buckler {AC+3} (curse)
rNeg     . . .     Spirit   .   s - +0 leather armour
rPois    .         Reflect  .   x - +2 helmet (curse)
rElec    .         Harm     .   (no cloak)
rCorr    .         Rampage  .   (no gloves)
MR       .....                  (no boots)
Stlth    +++++.....             (no amulet)
HPRegen  0.20/turn              G - +6 ring of dexterity
MPRegen  0.16/turn              (no ring)

@: no status effects
A: small, nightstalker 3
a: Curse Item, Scrying, Renounce Religion


You were on level 2 of the Abyss.
You worshipped Ashenzari.
Ashenzari was aware of your devotion.
You visited 1 branch of the dungeon, and saw 10 of its levels.
You visited the Abyss 1 time.

You collected 679 gold pieces.
You spent 448 gold pieces at shops.

Inventory:

Hand Weapons
 e - a cursed +1 dagger of venom (weapon)
 n - a +0 hunting sling
 B - a +2 dagger of protection
Missiles
 g - 3 throwing nets (quivered)
 h - 20 poisoned darts
 p - 93 sling bullets
 J - 2 boomerangs of dispersal
Armour
 b - a +0 robe
 f - a +0 leather armour
 o - a +0 robe
 s - a +0 leather armour (worn)
 x - a cursed +2 helmet (worn)
 z - a cursed +0 buckler
 F - a cursed +1 buckler of protection (worn)
Jewellery
 G - a +6 ring of dexterity (left hand)
Wands
 a - a wand of disintegration (20)
 A - a wand of flame (43)
 H - a wand of random effects (23)
 I - a wand of paralysis (13)
Scrolls
 c - 2 scrolls of blinking
 d - 2 scrolls of teleportation
 j - 2 scrolls of amnesia
 l - 5 scrolls of identify
 m - a scroll of magic mapping
 q - a scroll of silence {unknown}
 t - 2 scrolls of enchant weapon {unknown}
 w - a scroll of fog {unknown}
 y - a scroll of random uselessness {unknown}
 D - 2 scrolls of immolation {unknown}
 E - a scroll of noise {unknown}
 M - a scroll of remove curse
Potions
 i - a potion of ambrosia {unknown}
 k - 2 potions of lignification
 r - a potion of flight {unknown}
 u - 2 potions of attraction
 v - 2 potions of resistance {unknown}
 C - a potion of brilliance {unknown}
 L - a potion of berserk rage {unknown}
 N - a potion of mutation {unknown}
Miscellaneous
 O - a lightning rod (2/4)


   Skills:
 + Level 5.7 Fighting
 + Level 6.6 Short Blades
 + Level 1.7 Throwing
 + Level 7.0 Dodging
 + Level 8.7 Stealth
 + Level 3.5 Shields
 + Level 5.7 Spellcasting
 + Level 3.1 Conjurations
 + Level 6.1 Hexes
 - Level 4.0 Ice Magic
 - Level 4.0 Evocations


You had 12 spell levels left.
You knew the following spells:

 Your Spells              Type           Power        Failure   Level
a - Dazzling Flash        Conj/Hex       ###...       12%         3
b - Ensorcelled Hibernat  Hex/Ice        ###...       4%          2
c - Tukima's Dance        Hex            ####....     6%          3

Your spell library contained the following spells:

 Spells                   Type           Power        Failure   Level
 Corona                   Hex            ####...      1%          1
 Confusing Touch          Hex            ####....     6%          3
 Magic Dart               Conj           ###.         8%          1
 Searing Ray              Conj           ###...       11%         2
 Summon Guardian Golem    Hex/Summ       ###.....     22%         3
 Summon Small Mammal      Summ           #...         26%         1
 Call Imp                 Summ           #.......     36%         2
 Fulminant Prism          Conj/Hex       ###.......   36%         4
 Stone Arrow              Conj/Erth      ##....       38%         3
 Call Canine Familiar     Summ           #.......     61%         3
 Metabolic Englaciation   Hex/Ice        ###.......   65%         5
 Summon Ice Beast         Ice/Summ       ##......     75%         4
 Iskenderun's Mystic Bla  Conj/Tloc      ##......     80%         4
 Petrify                  Tmut/Erth      #.......     95%         4
 Summon Lightning Spire   Summ/Air       #.......     95%         4


Dungeon Overview and Level Annotations

Branches:
Dungeon (10/15)            Temple (0/1) D:7            Lair (0/6) D:8
    Orc: D:9-12

Altars:
Ashenzari
Elyvilon
Makhleb
Uskayaw
Xom
Zin

Shops:
D:4 ?   D:7 !

Annotations:
D:9 2 transporters


Innate Abilities, Weirdness & Mutations

You are small and have problems with some larger weapons.
You are completely attuned to the shadows.


Message History

Found a worn brass wand.
j - 2 scrolls of amnesia (gained 1)
The ynoxinul hits you but does no damage.
Casting: Tukima's Dance (dangerous; 6% risk of failure)
Confirm with . or Enter, or press ? or * to list all spells.
You can't see any susceptible monsters within range! (Use Z to cast anyway.) Unknown command.
Casting: Tukima's Dance (dangerous; 6% risk of failure)
Confirm with . or Enter, or press ? or * to list all spells.
Okay, then.
Casting: Tukima's Dance (dangerous; 6% risk of failure)
Confirm with . or Enter, or press ? or * to list all spells.
The ynoxinul hits you.
* * * LOW HITPOINT WARNING * * *
Unknown command.
A thrashing horror comes into view.
The thrashing horror moves out of view.
The ynoxinul gestures at you. The iron shot hits you!!
You die...

..# .. #..
.##.####...
#h../.3... #
#.@##.## #.
#.##.#.. ##...
#...#.#..... .
#....###......
#####. #.#...#
.### .. .##..
## #. . ## .
...# # .#. # .
# ..# ....#


You could see a raiju (wandering) and a ynoxinul.

Vanquished Creatures
  A wizard (D:10)
  2 trolls
  A wyvern (D:9)
  5 yaks (D:9)
  Edmund (D:4)
  An orc warrior (D:9)
  2 ice beasts
  A sky beast (D:8)
  2 phantoms (D:5)
  5 wolves (D:8)
  4 ogres
  A gnoll sergeant (D:10)
  A bullfrog (D:10)
  A wyvern skeleton (D:9)
  11 killer bees (D:9)
  5 wights
  3 electric eels (D:8)
  2 howler monkeys (D:9)
  A centaur skeleton (D:5)
  An orc priest (D:9)
  7 hounds
  5 orc wizards
  A bullfrog skeleton (D:5)
  2 iguanas
  7 worker ants
  A hound zombie (D:6)
  A worker ant zombie (D:7)
  2 gnolls (D:10)
  8 adders
  2 shadow imps
  2 white imps (D:9)
  3 oozes
  5 worms
  A dart slug (D:1)
  4 leopard geckos
  15 orcs
  2 ball pythons (D:3)
  5 giant cockroaches
  10 hobgoblins
  10 jackals
  6 kobolds
  3 quokkas
  7 bats
  2 frilled lizards
  6 goblins
  4 rats
172 creatures vanquished.

Vanquished Creatures (collateral kills)
  2 gnolls (D:10)
2 creatures vanquished.

Vanquished Creatures (others)
  A quokka (D:5)
1 creature vanquished.

Grand Total: 175 creatures vanquished

Notes
Turn   | Place    | Note
-------+----------+-------------------------------------------
     0 | D:1      | pablito the Kobold Enchanter began the quest for the Orb.
     0 | D:1      | Reached XP level 1. HP: 10/10 MP: 3/3
   520 | D:1      | Reached XP level 2. HP: 15/15 MP: 5/5
   609 | D:1      | Learned a level 2 spell: Ensorcelled Hibernation
  1055 | D:1      | Reached XP level 3. HP: 20/20 MP: 1/6
  1353 | D:1      | Reached skill level 1 in Fighting
  1841 | D:2      | Reached XP level 4. HP: 25/25 MP: 7/7
  2723 | D:3      | Found a transporter.
  2750 | D:3      | Reached XP level 5. HP: 16/30 MP: 1/9
  2938 | D:3      | Found a burning altar of Makhleb.
  3244 | D:3      | Found a transporter.
  3342 | D:3      | Noticed a kobold demonologist
  3599 | D:3      | Found a burning altar of Makhleb.
  3766 | D:4      | Identified the Guide on Bewitching Stones
  3786 | D:4      | Reached skill level 5 in Stealth
  3786 | D:4      | Reached skill level 1 in Ice Magic
  3816 | D:4      | Noticed Edmund
  3831 | D:4      | Killed Edmund
  3832 | D:4      | Reached XP level 6. HP: 29/35 MP: 1/10
  4202 | D:4      | Found Fafieczouro's Magic Scroll Boutique.
  4226 | D:4      | Bought a scroll of enchant armour for 82 gold pieces
  4226 | D:4      | Bought a scroll of identify for 22 gold pieces
  4226 | D:4      | Bought a scroll of magic mapping for 38 gold pieces
  4226 | D:4      | Bought a scroll of enchant armour for 82 gold pieces
  4428 | D:5      | Entered Level 5 of the Dungeon
  4495 | D:5      | Reached XP level 7. HP: 38/40 MP: 12/12
  4568 | D:5      | Found a shimmering altar of Xom.
  4568 | D:5      | Found a glowing silver altar of Zin.
  4568 | D:5      | Noticed an angel
  4639 | D:5      | Reached skill level 1 in Evocations
  5523 | D:5      | Reached skill level 1 in Shields
  5523 | D:5      | Reached XP level 8. HP: 33/46 MP: 13/13
  5557 | D:5      | Reached skill level 6 in Stealth
  6314 | D:6      | Found a broken altar of Ashenzari.
  6319 | D:6      | Became a worshipper of Ashenzari the Shackled
  7329 | D:7      | Found a staircase to the Ecumenical Temple.
  7349 | D:7      | Found a white marble altar of Elyvilon.
  7413 | D:7      | Found Wauhat's Distillery.
  7419 | D:7      | Bought a potion of curing for 42 gold pieces
  7419 | D:7      | Bought a potion of invisibility for 112 gold pieces
  7419 | D:7      | Bought a potion of heal wounds for 70 gold pieces
  7427 | D:7      | Reached skill level 5 in Dodging
  7769 | D:8      | Noticed a troll
  7783 | D:8      | Reached XP level 9. HP: 37/52 MP: 15/15
  7899 | D:8      | Killed a troll
  7959 | D:8      | Reached skill level 7 in Stealth
  7972 | D:8      | Reached skill level 5 in Hexes
  8087 | D:8      | Reached skill level 5 in Short Blades
  8185 | D:8      | Learned a level 3 spell: Dazzling Flash
  8206 | D:8      | Found a staircase to the Lair.
  8301 | D:8      | Identified the +5 war axe of Terra Cotta {protect, *Slow
                  | +Inv rF+}
  8363 | D:8      | Reached * piety under Ashenzari
  8880 | D:9      | Found a hide-covered altar of Uskayaw.
  8943 | D:9      | Reached skill level 1 in Conjurations
  8944 | D:9      | Reached skill level 5 in Spellcasting
  8946 | D:9      | Reached XP level 10. HP: 58/58 MP: 17/17
  8950 | D:9      | Reached skill level 5 in Fighting
  9000 | D:9      | Learned a level 3 spell: Tukima's Dance
  9020 | D:9      | Reached skill level 8 in Stealth
  9061 | D:9      | Found a transporter.
  9063 | D:9      | Found the ring of the Mage {Wiz MR++ Int+3}
  9063 | D:9      | Noticed a fire giant
  9231 | D:9      | Found a transporter.
  9846 | D:9      | Reached skill level 1 in Throwing
 10567 | D:3      | Noticed an ice devil
 10567 | D:3      | Noticed an ice devil
 10763 | D:10     | Entered Level 10 of the Dungeon
 10811 | D:10     | Noticed a wizard
 10813 | D:10     | Killed a wizard
 10822 | D:10     | Noticed a wizard
 10836 | D:10     | Cast into level 2 of the Abyss (a wizard)
 10883 | Abyss:2  | Noticed an eidolon
 10911 | Abyss:2  | Noticed a thrashing horror
 10913 | Abyss:2  | Killed from afar by a ynoxinul

Illustrated notes

Levels and vault maps discovered:
D:1:      minmay_arrival_semitransparent, layout_basic
D:2:      layout_basic
D:3:      gammafunk_wand_slinger, layout_loops_ring, lightli_temple_of_fire,
          bloody_makhleb
D:4:      layout_rooms, serial_shops, shop_coins, minmay_misc_feat_tower,
          uniq_edmund
D:5:      layout_rooms, grunt_temple_overflow_order_and_chaos_1,
          grunt_ministairs_11
D:6:      layout_basic, ashenzari_altar_1
D:7:      layout_cave_pools, minmay_temple_entry_junction, serial_shops,
          nicolae_shop_stone, serial_park_tiny_1, minmay_misc_feat_five,
          elyvilon_altar_5
D:8:      layout_basic, erik_lair_island
D:9:      gammafunk_sealed_arena, layout_loops_ring, old_standard_altar
D:10:     minmay_smoke_and_mirrors, layout_rooms, kennysheep_pointless_box,
          grunt_ministairs_13, kennysheep_windowed_goal, uniq_sonja
Abyss:2:  base: Temple, hangedman_abyss_shoalhut

Skill      XL: |  1  2  3  4  5  6  7  8  9 10 |
---------------+-------------------------------+-----
Fighting       | 1 2 3 4 5 |  5.7
Dodging        | 3 4 5 6 7 |  7.0
Spellcasting   | 3 4 5 |  5.7
Stealth        | 5 6 7 8 |  8.7
Ice Magic      | 1 2 3 4 |  4.0
Short Blades   | 2 3 4 5 6 |  6.6
Hexes          | 4 5 6 |  6.1
Evocations     | 1 3 4 |  4.0
Shields        | 1 2 3 |  3.5
Conjurations   | 1 3 |  3.1
Throwing       | 1 |  1.7

Action                   |  1- 3 |  4- 6 |  7- 9 | 10-12 || total
-------------------------+-------+-------+-------+-------++-------
Melee: Dagger            |    65 |    93 |   287 |   204 ||   649
 Cast: Corona            |     3 |       |       |       ||     3
       Ensorcelled Hiber |     8 |    15 |    22 |    10 ||    55
       Tukima's Dance    |       |       |       |     3 ||     3
       Dazzling Flash    |       |       |       |     2 ||     2
Invok: Curse Item        |       |       |     4 |       ||     4
Evoke: Wand              |       |       |     7 |     3 ||    10
       Lightning rod     |       |       |       |     2 ||     2
  Use: Scroll            |     3 |     8 |     4 |     1 ||    16
       Potion            |       |       |     1 |     3 ||     4
 Stab: Sleeping          |    17 |    25 |    40 |    19 ||   101
       Distracted        |       |     1 |       |       ||     1
Armor: Robe              |     9 |     5 |    27 |     2 ||    43
       Leather armour    |       |       |       |    20 ||    20
       Skin              |       |       |       |     9 ||     9
Dodge: Dodged            |    47 |    50 |   189 |   105 ||   391
Block: Buckler           |       |       |    49 |    72 ||   121

Table legend: (Time is in decaauts)
 A = Elapsed time spent in this place.
 B = Non-inter-level travel time spent in this place.
 C = Inter-level travel time spent in this place.
 D = Time resting spent in this place.
 E = Time spent auto-exploring this place.
 F = Levels seen in this place.
 G = Mean time per level.
                   A        B        C        D        E       F      G
               +--------+--------+--------+--------+--------+-----+--------+
         Total |  10800 |  10254 |    546 |   2029 |   5847 |  11 |  981.8 |
       Dungeon |  10724 |  10178 |    546 |   2002 |   5847 |  10 | 1072.4 |
         Abyss |     76 |     76 |      0 |     27 |      0 |   1 |   76.0 |
               +--------+--------+--------+--------+--------+-----+--------+

Top non-repeatable levels by time:
     D:5: 1682 daAuts
     D:9: 1476 daAuts
     D:1: 1379 daAuts
     D:2: 1253 daAuts
     D:3: 1196 daAuts
     D:8: 1010 daAuts
     D:4: 959 daAuts
     D:7: 949 daAuts
     D:6: 792 daAuts
 Abyss:2: 76 daAuts
    D:10: 24 daAuts
